 Dungeon Crawl Stone Soup version 0.22.1 (webtiles) character file.

97 sbiou the Charmwright (level 4, -1/38 HPs)
             Began as a Gnoll Skald on Sept 17, 2018.
             Slain by an orc
             ... wielding a +0 trident
              (2 damage)
             ... on level 2 of the Dungeon.
             The game lasted 00:02:55 (1559 turns).

sbiou the Charmwright (Gnoll Skald)                 Turns: 1559, Time: 00:02:56

Health: -1/38      AC:  4    Str: 15    XL:     4   Next: 68%
Magic:  3/11       EV: 11    Int: 15    God:
Gold:   63         SH:  8    Dex: 14    Spells: 12/13 levels left

rFire    . . .     SeeInvis .   a - +0 spear
rCold    . . .     Gourm    .   k - +0 shield
rNeg     . . .     Faith    .   b - +0 leather armour
rPois    .         Spirit   .   (no helmet)
rElec    .         Reflect  .   (no cloak)
rCorr    .         Harm     .   g - +0 pair of gloves
MR       .....                  (no boots)
Stlth    ++........             (no amulet)
HPRegen  0.12/turn              (no ring)
MPRegen  0.12/turn              (no ring)

@: starving
A: distributed training, fangs 1, strong nose
a: no special abilities


You were on level 2 of the Dungeon.
You were starving.

You visited 1 branch of the dungeon, and saw 2 of its levels.

You collected 63 gold pieces.

Inventory:

Hand Weapons
 a - a +0 spear (weapon)
Armour
 b - a +0 leather armour (worn)
 g - a +0 pair of gloves (worn)
 k - a +0 shield (worn)
Scrolls
 h - 2 scrolls of identify {unknown}
 i - a scroll of teleportation {unknown}
 j - a scroll of remove curse {unknown}
Potions
 c - a potion of agility {unknown}
 e - a potion of degeneration {unknown}
 f - 2 potions of might {unknown}
 l - a potion of curing {unknown}
Comestibles
 d - 2 rations


   Skills:
 + Level 4.6 Fighting
 + Level 1.2 Short Blades
 + Level 1.2 Long Blades
 + Level 1.2 Axes
 + Level 1.2 Maces & Flails
 + Level 4.6 Polearms
 + Level 1.2 Staves
 + Level 1.2 Slings
 + Level 1.2 Bows
 + Level 1.2 Crossbows
 + Level 1.2 Throwing
 + Level 2.8 Armour
 + Level 4.6 Dodging
 + Level 1.2 Stealth
 + Level 1.2 Shields
 + Level 1.2 Unarmed Combat
 + Level 5.1 Spellcasting
 + Level 1.0 Conjurations
 + Level 1.0 Hexes
 + Level 5.5 Charms
 + Level 1.0 Summonings
 + Level 1.0 Necromancy
 + Level 1.0 Translocations
 + Level 1.0 Transmutations
 + Level 1.0 Fire Magic
 + Level 1.0 Ice Magic
 + Level 1.0 Air Magic
 + Level 1.0 Earth Magic
 + Level 1.0 Poison Magic
 + Level 1.3 Invocations
 + Level 1.2 Evocations


You had 12 spell levels left.
You knew the following spells:

 Your Spells              Type           Power        Failure   Level  Hunger
a - Infusion              Chrm           ###.         12%         1    None

Your spell library contained the following spells:

 Spells                   Type           Power        Failure   Level  Hunger
 Song of Slaying          Chrm           ###.....     19%         2    ##.....
 Shroud of Golubria       Chrm/Tloc      ##........   43%         2    ##.....
 Regeneration             Chrm/Necr      ##........   67%         3    ###....
 Spectral Weapon          Hex/Chrm       ##......     67%         3    ###....


Dungeon Overview and Level Annotations

Branches:
Dungeon (2/15)

Altars:


Innate Abilities, Weirdness & Mutations

Your experience applies equally to all skills.
You have very sharp teeth.
Your uncanny sense of smell can sniff out nearby items.


Message History

Your shield prevents you from hitting the kobold.
The kobold hits you with a whip!
The orc wizard casts a spell.
The orc wizard blinks!
You hit the kobold.
You kill the kobold!
You are no longer magically infusing your attacks.
The orc wizard casts a spell.
The orc wizard blinks!
The orc barely misses you.
You hit the kobold but do no damage. The kobold hits you.
* * * LOW HITPOINT WARNING * * *
You hit the kobold but do no damage.
The orc hits you from afar with a trident!
* * * LOW HITPOINT WARNING * * *
You block the kobold's attack.
You closely miss the kobold.
The orc wizard casts a spell.
The orc wizard blinks!
The orc hits you from afar with a trident.
You die...

# .. ... ### (... #..
.(... #.)
...).o################..
....ยง.K@(...............
....######...#########..
. #...# ##' #...# #.
#...# ## ##### # #


You could see an orc and a kobold.

Vanquished Creatures
  An orc priest (D:2)
  3 adders (D:2)
  A worm (D:2)
  2 dart slugs (D:1)
  3 leopard geckos
  2 orcs (D:2)
  2 ball pythons
  A hobgoblin (D:1)
  2 jackals (D:2)
  5 bats (D:1)
  2 frilled lizards (D:2)
  4 goblins (D:2)
  4 kobolds
  4 rats
36 creatures vanquished.

Notes
Turn   | Place    | Note
-------+----------+-------------------------------------------
     0 | D:1      | sbiou the Gnoll Skald began the quest for the Orb.
     0 | D:1      | Reached XP level 1. HP: 20/20 MP: 6/6
   327 | D:1      | Reached XP level 2. HP: 26/26 MP: 7/7
   987 | D:2      | Reached skill level 5 in Spellcasting
   987 | D:2      | Reached XP level 3. HP: 26/31 MP: 7/9
  1026 | D:2      | Reached skill level 1 in Invocations
  1530 | D:2      | Reached skill level 1 in Short Blades
  1530 | D:2      | Reached skill level 1 in Long Blades
  1530 | D:2      | Reached skill level 1 in Axes
  1530 | D:2      | Reached skill level 1 in Maces & Flails
  1530 | D:2      | Reached skill level 1 in Staves
  1530 | D:2      | Reached skill level 1 in Slings
  1530 | D:2      | Reached skill level 1 in Bows
  1530 | D:2      | Reached skill level 1 in Crossbows
  1530 | D:2      | Reached skill level 1 in Throwing
  1530 | D:2      | Reached skill level 1 in Stealth
  1530 | D:2      | Reached skill level 1 in Shields
  1530 | D:2      | Reached skill level 1 in Unarmed Combat
  1530 | D:2      | Reached skill level 1 in Evocations
  1545 | D:2      | Reached XP level 4. HP: 18/38 MP: 7/11
  1547 | D:2      | Reached skill level 1 in Conjurations
  1547 | D:2      | Reached skill level 1 in Hexes
  1547 | D:2      | Reached skill level 1 in Summonings
  1547 | D:2      | Reached skill level 1 in Necromancy
  1547 | D:2      | Reached skill level 1 in Translocations
  1547 | D:2      | Reached skill level 1 in Transmutations
  1547 | D:2      | Reached skill level 1 in Fire Magic
  1547 | D:2      | Reached skill level 1 in Ice Magic
  1547 | D:2      | Reached skill level 1 in Air Magic
  1547 | D:2      | Reached skill level 1 in Earth Magic
  1547 | D:2      | Reached skill level 1 in Poison Magic
  1558 | D:2      | HP: 1/38 [orc/trident (7)]
  1559 | D:2      | Slain by an orc

Skill      XL: |  1  2  3  4 |
---------------+-------------+-----
Spellcasting   | 5 |  5.1
Invocations    | 1 |  1.3
Short Blades   | 1 |  1.2
Long Blades    | 1 |  1.2
Axes           | 1 |  1.2
Maces & Flails | 1 |  1.2
Staves         | 1 |  1.2
Slings         | 1 |  1.2
Bows           | 1 |  1.2
Crossbows      | 1 |  1.2
Throwing       | 1 |  1.2
Stealth        | 1 |  1.2
Shields        | 1 |  1.2
Unarmed Combat | 1 |  1.2
Evocations     | 1 |  1.2
Conjurations   | 1 |  1.0
Hexes          | 1 |  1.0
Summonings     | 1 |  1.0
Necromancy     | 1 |  1.0
Translocations | 1 |  1.0
Transmutations | 1 |  1.0
Fire Magic     | 1 |  1.0
Ice Magic      | 1 |  1.0
Air Magic      | 1 |  1.0
Earth Magic    | 1 |  1.0
Poison Magic   | 1 |  1.0
Fighting       | |  4.6
Polearms       | |  4.6
Armour         | |  2.8
Dodging        | |  4.6
Charms         | |  5.5

Action                   |  1- 3 |  4- 6 || total
-------------------------+-------+-------++-------
Melee: Spear             |   120 |    13 ||   133
       Bite              |     9 |       ||     9
 Cast: Infusion          |     2 |       ||     2
 Stab: Sleeping          |     3 |       ||     3
Armor: Leather armour    |    11 |       ||    11
Dodge: Dodged            |    54 |     4 ||    58
Block: Shield            |    14 |     7 ||    21
